 Dungeon Crawl Stone Soup version 0.22-a0-601-gb0ed703 (webtiles) character file.

2175 gmonis the Basher (level 9, -1/69 (71) HPs)
             Began as a Minotaur Berserker on July 6, 2018.
             Was an Elder of Trog.
             Slain by an acid dragon (4 damage)
             ... on level 7 of the Dungeon.
             The game lasted 00:12:38 (8585 turns).

gmonis the Basher (Minotaur Berserker)              Turns: 8585, Time: 00:12:39

HP:   -1/69 (71)    AC:  3    Str: 22    XL:     9   Next: 11%
MP:   8/8           EV: 16    Int:  7    God:    Trog [****..]
Gold: 334           SH:  0    Dex: 13    Spells: 8/8 levels left

rFire    . . .     SeeInvis .   a - +0 mace
rCold    . . .     Gourm    .   (no shield)
rNeg     . . .     Faith    .   b - +0 animal skin
rPois    .         Spirit   .   (helmet restricted)
rElec    .         Reflect  .   (no cloak)
rCorr    .         Harm     .   u - +0 pair of gloves
MR       ++...                  (no boots)
Stlth    +.........             (no amulet)
HPRegen  1.21/turn              k - +3 ring of intelligence
MPRegen  0.11/turn              v - +4 ring of evasion

@: starving, regenerating
A: retaliatory headbutt, horns 2
a: Berserk, Trog's Hand, Brothers in Arms, Renounce Religion


You were on level 7 of the Dungeon.
You worshipped Trog.
Trog was greatly pleased with you.
You were starving.

You visited 1 branch of the dungeon, and saw 7 of its levels.

You collected 334 gold pieces.

Inventory:

Hand Weapons
 a - a +0 mace (weapon)
Missiles
 d - 199 stones (quivered)
Armour
 b - a +0 animal skin (worn)
 u - a +0 pair of gloves (worn)
Jewellery
 k - a +3 ring of intelligence (left hand)
 v - a +4 ring of evasion (right hand)
 E - an uncursed amulet of rage {unknown}
Wands
 q - a wand of polymorph (16)
 C - a wand of random effects (39)
Scrolls
 g - 3 scrolls of enchant armour {unknown}
 h - 2 scrolls of amnesia
 m - 10 scrolls of identify
 p - 3 scrolls of teleportation {unknown}
 r - 4 scrolls of remove curse
 s - 3 scrolls of magic mapping {unknown}
 x - 2 scrolls of blinking {unknown}
 y - a scroll of brand weapon {unknown}
 D - a scroll of fear {unknown}
Potions
 e - a potion of haste {unknown}
 f - 2 potions of flight
 i - 2 potions of curing {unknown}
 j - 2 potions of heal wounds {unknown}
 l - 2 potions of berserk rage {unknown}
 n - a potion of lignification {unknown}
 o - 3 potions of degeneration {unknown}
 t - a potion of agility {unknown}
 w - 3 potions of mutation {unknown}
 z - a potion of brilliance {unknown}
 A - 2 potions of cancellation {unknown}
 B - a potion of might {unknown}
Comestibles
 c - 10 rations


   Skills:
 + Level 3.9 Fighting
 - Level 14.0 Maces & Flails
 + Level 2.8 Armour
 - Level 2.1 Dodging


You had 8 spell levels left.
You didn't know any spells.
Your spell library was empty.

Dungeon Overview and Level Annotations

Branches:
Dungeon (7/15)             Temple (0/1) D:7

Altars:
Elyvilon
Kikubaaqudgha
Ru
Trog
Vehumet
The Shining One

Shops:
D:4 (   D:5 [

Annotations:
D:5 exclusion: statue


Innate Abilities, Weirdness & Mutations

You reflexively headbutt those who attack you in melee.
You have a pair of horns on your head.


Message History

The splash of acid hits you!
You are splashed with acid!
The acid burns!
* * * LOW HITPOINT WARNING * * *
You closely miss the acid dragon.
The acid dragon is severely wounded.
You barely miss the acid dragon.
The acid dragon is severely wounded.
The acid dragon bites you.
* * * LOW HITPOINT WARNING * * *
The acid dragon misses you.
You're too hungry.
Your skin crawls.
You feel resistant to hostile enchantments.
You are starving!
The acid dragon bites you!
* * * LOW HITPOINT WARNING * * *
The acid dragon barely misses you.
You closely miss the acid dragon. You headbutt the acid dragon.
The acid dragon is severely wounded.
The acid dragon bites you.
You die...

#. #.......# #. #.......#
#. .. ##.......# #. ...
#........# #.
.:..#....?... #.
...#......# #. #.....D..#
#. #....@..# ######.
#####.#.#...########...##.
........††.........[......
#####.#.#......#####...##.
#...#......# #...##.
##..###....# #...##. #..#
#....# #...##.
#..###....##########.
##.##........#.......


You could see an acid dragon.

Vanquished Creatures
  An orc warrior (D:2)
  An ice beast (D:6)
  2 phantoms
  A necrophage (D:6)
  2 ogres
  3 centaurs
  A bullfrog (D:6)
  2 scorpions (D:5)
  5 killer bees (D:7)
  4 howler monkeys
  2 orc priests
  2 bullfrog skeletons
  A jelly (D:6)
  Crazy Yiuf (D:6)
  2 orc wizards (D:4)
  5 iguanas
  6 worker ants
  A mummy (D:5)
  A worker ant zombie (D:5)
  3 gnolls (D:6)
  8 adders
  2 shadow imps
  An ooze (D:2)
  An adder zombie (D:7)
  3 worms
  3 dart slugs
  2 leopard geckos
  19 orcs
  3 bats
  5 giant cockroaches
  7 goblins
  10 hobgoblins
  6 jackals
  3 quokkas
  4 frilled lizards
  A hobgoblin zombie (D:5)
  16 kobolds
  3 orc zombies (D:5)
  A quokka skeleton (D:5)
  8 rats
152 creatures vanquished.

Notes
Turn   | Place    | Note
-------+----------+-------------------------------------------
     0 | D:1      | gmonis the Minotaur Berserker began the quest for the Orb.
     0 | D:1      | Reached XP level 1. HP: 19/19 MP: 0/0
   121 | D:1      | Reached skill level 4 in Maces & Flails
   600 | D:1      | Reached XP level 2. HP: 17/26 MP: 1/1
  1231 | D:2      | Reached skill level 5 in Maces & Flails
  1244 | D:2      | Reached XP level 3. HP: 10/31 MP: 2/2
  1867 | D:2      | Reached XP level 4. HP: 39/39 MP: 3/3
  1880 | D:2      | Reached skill level 6 in Maces & Flails
  1897 | D:2      | Reached ** piety under Trog
  2285 | D:2      | Noticed an orc warrior
  2298 | D:2      | Killed an orc warrior
  2298 | D:2      | Reached skill level 7 in Maces & Flails
  2298 | D:2      | Reached XP level 5. HP: 22/45 MP: 4/4
  3223 | D:3      | Reached skill level 8 in Maces & Flails
  3326 | D:3      | Reached XP level 6. HP: 42/51 MP: 5/5
  3689 | D:3      | Found a bloodstained altar of Trog.
  3815 | D:3      | Found an ancient bone altar of Kikubaaqudgha.
  4304 | D:4      | Reached skill level 9 in Maces & Flails
  4615 | D:4      | Reached XP level 7. HP: 21/57 MP: 6/6
  4616 | D:4      | Reached *** piety under Trog
  5035 | D:4      | Found Tyossuis's Antique Weapon Boutique.
  5133 | D:4      | Reached skill level 10 in Maces & Flails
  5319 | D:4      | Found a sacrificial altar of Ru.
  5483 | D:5      | Entered Level 5 of the Dungeon
  5604 | D:5      | Found Goh Usm's Antique Armour Emporium.
  5845 | D:5      | Reached skill level 11 in Maces & Flails
  5906 | D:5      | Found a white marble altar of Elyvilon.
  6138 | D:5      | Reached XP level 8. HP: 36/64 MP: 7/7
  6456 | D:5      | Found a radiant altar of Vehumet.
  7075 | D:6      | Found a runed door.
  7202 | D:6      | Reached skill level 12 in Maces & Flails
  7757 | D:6      | Reached skill level 13 in Maces & Flails
  8166 | D:6      | Noticed Crazy Yiuf
  8170 | D:6      | Killed Crazy Yiuf
  8170 | D:6      | Reached **** piety under Trog
  8248 | D:7      | Found a glowing golden altar of the Shining One.
  8456 | D:7      | Found a staircase to the Ecumenical Temple.
  8522 | D:7      | Reached XP level 9. HP: 68/68 MP: 8/8
  8528 | D:7      | Reached skill level 14 in Maces & Flails
  8584 | D:7      | HP: 2/69 [acid dragon (10)]
  8585 | D:7      | Slain by an acid dragon

Vault maps used:
D:1:      dpeg_arrival_pond, serial_forest, infiniplex_forest_lined_corner,
          infiniplex_forest_clump_tiny, infiniplex_forest_clump_long,
          infiniplex_forest_straight_5, infiniplex_forest_end_double,
          infiniplex_forest_lined_2, infiniplex_forest_lined_2,
          infiniplex_forest_straight_1, infiniplex_forest_lined_room_3,
          st_stairs_4
D:2:      minmay_wonky_spiral, first_ration, kennysheep_generic_room_7
D:3:      kiku_gazebo_pond_becter, trog_hazing_becter
D:4:      marbit_many_paths, serial_shops, shop
D:5:      overflow_temple_1_default, vehumet_statue, serial_shops, shop,
          minmay_mini_ossuary
D:6:      patterned_corridor, uniq_crazy_yiuf_cottage
D:7:      old_standard_altar, tgw_sif, kennysheep_mini,
          minmay_temple_entry_poolview

Skill      XL: |  1  2  3  4  5  6  7  8  9 |
---------------+----------------------------+-----
Maces & Flails | 4 5 7 8 9 11 13 14 | 14.0
Fighting       | |  3.9
Armour         | |  2.8
Dodging        | |  2.1

Action                   |  1- 3 |  4- 6 |  7- 9 || total
-------------------------+-------+-------+-------++-------
Melee: Mace              |    51 |   127 |   211 ||   389
       Headbutt          |    10 |    24 |    44 ||    78
Invok: Berserk           |       |     3 |     4 ||     7
       Trog's Hand       |       |       |     1 ||     1
  Use: Scroll            |       |     3 |       ||     3
 Stab: Sleeping          |     1 |       |     2 ||     3
  Eat: Chunk             |     2 |    10 |    13 ||    25
       Ration            |       |       |     1 ||     1
Armor: Animal skin       |     5 |    34 |    13 ||    52
Dodge: Dodged            |    26 |    81 |   121 ||   228

Table legend:
 A = Spawn XP
 B = Non-spawn XP
 C = Spawn XP percentage of total XP
 D = Spawn monster count
 E = Non-spawn monster count
 F = Spawn count percentage of total count
 G = Total turns spent on level
                    A         B        C        D         E        F      G
               +---------+---------+-------+---------+---------+-------+---------
         Total |       0 |    3108 |   0.0 |       0 |     152 |   0.0 |  8585
               +---------+---------+-------+---------+---------+-------+---------
           D:1 |       0 |      18 |   0.0 |       0 |      10 |   0.0 |  1155
           D:2 |       0 |     311 |   0.0 |       0 |      40 |   0.0 |  1785
           D:3 |       0 |     103 |   0.0 |       0 |      20 |   0.0 |  1321
           D:4 |       0 |     531 |   0.0 |       0 |      23 |   0.0 |  1222
           D:5 |       0 |     570 |   0.0 |       0 |      17 |   0.0 |  1269
           D:6 |       0 |    1090 |   0.0 |       0 |      31 |   0.0 |  1489
           D:7 |       0 |     485 |   0.0 |       0 |      11 |   0.0 |   344
               +---------+---------+-------+---------+---------+-------+---------
